Map: [ESL] Gresvan

Players

Cure - Winner!

  • Race: Terran Terran
  • Spawn Location: 11:00

RagnaroK (SHIN)

  • Race: Zerg Zerg
  • Spawn Location: 5:00

Event: IEM Katowice 2023

VOD

Have the link to the VOD?

Description

Time

  • Played on: Feb. 10, 2023, 9:28 a.m.
  • Length: 13:49

All games in this series

Show
View Real Time Build Order
Export as new Build Order

Cure Terran - Winner!

Build Orders: Command Center First (CC) 

Get SALT Encoding   

  12  0:00  SCV  
  13  0:12  SCV  
  14  0:17  Supply Depot  
  14  0:24  SCV  
  15  0:39  SCV  
  16  0:51  SCV  
  17  0:58  Command Center  
  17  1:03  SCV  
  18  1:12  Barracks  
  18  1:15  SCV  
  19  1:20  Refinery  
  19  1:27  SCV  
  20  1:33  Barracks  
  20  1:39  SCV  
  21  1:45  Refinery  
  21  1:51  SCV  
  22  2:03  Orbital Command, Reaper  
  23  2:11  Orbital Command  
  23  2:20  Barracks Reactor  
  23  2:29  SCV  
  24  2:36  Barracks Tech Lab  
  24  2:37  SCV  
  25  2:40  Factory  
  25  2:41  SCV  
  26  2:49  SCV  
  27  2:53  Supply Depot  
  27  2:54  Marine  
  27  2:55  SCV  
  29  2:59  Marine x2, Stimpack  
  29  3:01  SCV  
  32  3:07  SCV  
  33  3:13  SCV  
  33  3:15  Marine  
  33  3:16  Supply Depot  
  33  3:17  Marine x2  
  33  3:19  SCV  
  38  3:23  Starport  
  38  3:24  Factory Reactor  
  38  3:26  SCV  
  40  3:34  SCV  
  40  3:36  Marine x2  
  40  3:38  Marine, SCV  
  40  3:39  Supply Depot  
  44  3:46  SCV  
  45  3:50  SCV  
  45  3:54  Marine x2  
  48  3:55  Marine  
  48  3:58  SCV  
  48  4:02  SCV, Supply Depot  
  51  4:06  Medivac  
  51  4:07  Medivac  
  55  4:10  SCV  
  55  4:12  Marine x2  
  55  4:13  Marine  
  55  4:14  SCV  
  55  4:15  Supply Depot  
  60  4:22  SCV  
  61  4:25  Supply Depot  
  61  4:26  SCV  
  61  4:30  Marine x2  
  64  4:31  Marine  
  64  4:35  Command Center  
  64  4:38  Combat Shield, SCV x2  
  66  4:45  Medivac, Widow Mine  
  71  4:48  Refinery  
  71  4:49  Marine x2, Refinery  
  71  4:50  Marine  
  74  4:57  Supply Depot  
  74  4:58  SCV x2  
  74  5:10  Marine x3, SCV x2  
  79  5:15  Factory Tech Lab  
  79  5:19  Starport Reactor  
  79  5:21  Barracks  
  78  5:22  SCV x2  
  78  5:25  Engineering Bay x2  
  80  5:28  Marine  
  80  5:29  Marine x2  
  85  5:36  Siege Tank  
  86  5:43  SCV  
  86  5:48  Barracks  
  50  5:50  Orbital Command, Barracks  
  87  5:52  Marine x3  
  90  5:58  Terran Infantry Armor Level 1, Terran Infantry Weapons Level 1  
  90  6:01  SCV x2  
  92  6:10  Marine x5  
  97  6:21  Orbital Command, Siege Tank  
  97  6:22  Medivac x2  
  102  6:26  SCV x2  
  102  6:28  Marine x5  
  109  6:39  Armory  
  109  6:42  Barracks Reactor  
  109  6:43  Supply Depot x2  
  109  6:45  Barracks Reactor  
  109  6:49  Marine, SCV  
  109  6:50  Marine  
  109  7:04  Marine x2, Medivac x2, SCV x2  
  109  7:05  Siege Tank, SCV  
  109  7:07  Supply Depot  
  121  7:15  Marine x3  
  121  7:17  SCV  
  121  7:19  Supply Depot x2  
  125  7:23  Marine  
  125  7:29  Marine, SCV x3  
  129  7:32  Sensor Tower  
  129  7:36  Marine x4  
  133  7:40  Marine x3  
  133  7:43  SCV x2  
  133  7:44  SCV  
  139  7:52  Siege Tank, Command Center  
  139  7:54  Terran Infantry Weapons Level 2  
  139  7:58  Terran Infantry Armor Level 2  
  142  8:04  Refinery x2  
  142  8:07  Supply Depot  
  142  8:11  Supply Depot x2  
  142  8:13  Marine x6  
  148  8:23  Terran Vehicle Weapons Level 1, Factory  
  148  8:29  Medivac x2, SCV x3  
  148  8:34  Marine x8  
  147  8:38  Siege Tank  
  156  8:49  Marine  
  156  8:52  Marine x7, SCV x3  
  156  8:53  Supply Depot  
  167  9:01  Marine  
  168  9:06  SCV x3  
  168  9:07  Marine  
  168  9:09  Marine x4  
  172  9:12  Siege Tank, Factory Tech Lab  
  179  9:18  Barracks  
  179  9:19  Barracks  
  179  9:20  Barracks  
  179  9:22  Marine x4  
  183  9:24  Marine  
  183  9:29  Planetary Fortress  
  184  9:38  Marine x4  
  178  9:40  Marine x2  
  178  9:41  Siege Tank  
  178  9:42  Marine x2  
  178  9:44  Siege Tank  
  190  9:49  SCV x3  
  184  10:01  SCV x3  
  184  10:05  SCV  
  180  10:13  SCV x3, Command Center  
  182  10:18  SCV  
  183  10:27  Marine x5  
  183  10:28  Marine  
  161  10:29  Siege Tank x2  
  161  10:35  Marine x6  
  165  10:36  Medivac x2  
  165  10:39  SCV  
  165  10:40  SCV x2  
  165  10:42  Terran Infantry Weapons Level 3, Terran Infantry Armor Level 3  
  172  10:45  Marine x2  
  170  10:52  Marine x2  
  170  10:53  Marine x4  
  176  10:58  Marine x4  
  176  11:01  Siege Tank, Terran Vehicle Weapons Level 2  
  176  11:02  Siege Tank  
  186  11:05  SCV x3  
  186  11:08  Sensor Tower  
  186  11:11  Marine x4  
  187  11:12  Liberator x2  
  187  11:17  Marine x5  
  187  11:18  Marine  
  174  11:29  SCV x3  
  172  11:36  Marine x2  
  172  11:37  Marine x4  
  172  11:39  Siege Tank  
  180  11:40  Siege Tank  
  175  11:47  SCV  
  175  11:48  SCV x2  
  175  11:49  Barracks Tech Lab x2  
  175  11:50  Planetary Fortress, Barracks Tech Lab  
  175  11:51  Marine x2  
  175  11:52  Marauder  
  182  11:54  Marine x2  
  182  11:56  Liberator  
  186  12:09  Marine x6, Marauder x2  
  186  12:13  Marauder  
  181  12:16  SCV  
  181  12:17  SCV x3  
  181  12:20  Siege Tank x2  
  189  12:23  Medivac  
  189  12:24  Marine x2  
  189  12:29  SCV  
  185  12:36  SCV x2  
  185  12:37  SCV x2  
  173  12:39  Medivac  
  174  12:54  Marine x4, Marauder  
  174  12:55  Marauder x3  
  186  12:59  Siege Tank  
  187  13:11  Siege Tank, Medivac x2  
  194  13:13  SCV x4  
  194  13:14  Ghost Academy  
  194  13:16  Command Center  
  194  13:22  Marine x2  
  194  13:23  Marine x4, Marauder x4  
  194  13:26  Marine x2  
Show
View Real Time Build Order
Export as new Build Order

RagnaroK Zerg 

Build Orders: Hatch First 

Get SALT Encoding   

  12  0:00  Drone  
  13  0:07  Drone  
  14  0:16  Overlord  
  14  0:34  Drone x2  
  16  0:46  Hatchery  
  16  0:49  Drone  
  16  0:54  Drone  
  18  0:57  Drone  
  18  1:07  Extractor  
  17  1:11  Spawning Pool  
  17  1:15  Drone  
  17  1:18  Drone  
  18  1:28  Drone  
  19  1:39  Drone  
  20  1:52  Drone  
  21  1:58  Queen x2  
  21  1:59  Zergling x2  
  21  2:00  Zergling x2  
  27  2:11  Overlord  
  27  2:12  Metabolic Boost, Drone  
  28  2:26  Hatchery  
  28  2:29  Drone  
  28  2:31  Drone  
  28  2:35  Drone  
  30  2:39  Drone  
  30  2:43  Queen  
  33  2:48  Overlord  
  33  2:52  Drone  
  33  2:53  Drone  
  33  2:55  Drone  
  35  3:06  Drone x2  
  35  3:07  Drone x3  
  40  3:12  Queen  
  40  3:17  Overlord  
  40  3:18  Drone  
  43  3:26  Drone  
  43  3:35  Queen  
  43  3:37  Drone x3  
  43  3:39  Drone x3  
  43  3:40  Drone  
  52  3:41  Queen  
  54  3:49  Drone x3  
  54  3:54  Overlord  
  57  3:57  Overlord  
  57  4:00  Overlord  
  57  4:12  Queen  
  57  4:13  Drone x2  
  57  4:14  Drone x4  
  57  4:15  Queen  
  57  4:17  Drone x3  
  70  4:20  Queen  
  70  4:22  Overlord  
  72  4:25  Drone x2  
  72  4:27  Overlord  
  72  4:30  Overlord  
  74  4:33  Baneling Nest  
  74  4:34  Overlord  
  73  4:39  Overlord  
  73  4:42  Extractor, Zergling x8  
  76  4:47  Zergling x10  
  81  4:54  Zergling x14  
  81  4:59  Lair  
  88  5:01  Zergling x2  
  88  5:06  Zergling x4  
  87  5:07  Queen  
  87  5:09  Zergling x2  
  90  5:15  Zergling x4  
  91  5:22  Zergling x10  
  91  5:26  Extractor x2  
  91  5:27  Drone x7  
  101  5:29  Evolution Chamber  
  101  5:35  Zergling x2  
  101  5:38  Zergling x4  
  103  5:43  Baneling x8  
  103  5:46  Zergling x2  
  104  5:50  Hatchery  
  104  5:52  Zergling x4  
  104  5:56  Drone x4  
  108  5:59  Drone  
  109  6:06  Zergling x2  
  109  6:08  Zergling x2  
  109  6:09  Centrifugal Hooks  
  111  6:12  Zergling x2  
  112  6:21  Zergling x8  
  112  6:23  Overlord  
  112  6:24  Zerg Ground Armor Level 1  
  113  6:29  Overlord x2, Evolution Chamber  
  113  6:30  Overlord  
  113  6:31  Hatchery  
  111  6:33  Overlord  
  111  6:39  Baneling x5  
  111  6:40  Baneling  
  111  6:42  Drone x4  
  111  6:43  Drone  
  111  6:44  Zergling x10  
  111  6:45  Extractor  
  118  6:51  Overseer  
  118  6:52  Drone, Pneumatized Carapace  
  118  6:53  Drone  
  119  6:55  Zergling x2  
  119  6:59  Drone  
  121  7:02  Overlord, Drone  
  121  7:03  Hydralisk Den, Drone x5  
  121  7:04  Drone  
  121  7:06  Queen  
  129  7:09  Zergling x2  
  129  7:13  Zergling x2  
  129  7:14  Zergling x8  
  129  7:15  Zerg Melee Weapons Level 1  
  135  7:22  Drone x2  
  135  7:26  Zergling x2  
  135  7:27  Zergling x2  
  135  7:29  Baneling x3  
  135  7:30  Baneling x8, Drone  
  135  7:32  Drone x2  
  135  7:33  Drone  
  135  7:35  Spore Crawler  
  138  7:37  Muscular Augments  
  138  7:39  Spore Crawler  
  138  7:40  Zergling x8  
  139  7:44  Drone  
  139  7:47  Hatchery  
  139  7:48  Zergling x8  
  139  7:51  Overlord, Drone x2  
  143  7:54  Overlord  
  143  7:56  Drone  
  143  7:57  Drone  
  146  7:59  Drone  
  146  8:02  Overseer  
  146  8:04  Overlord, Drone x2  
  146  8:05  Overlord x2  
  149  8:07  Overlord x2  
  149  8:10  Hydralisk x3  
  155  8:14  Hydralisk x2  
  155  8:15  Zergling x2  
  155  8:18  Hydralisk  
  155  8:19  Hydralisk  
  162  8:23  Extractor  
  161  8:28  Zerg Ground Armor Level 2  
  161  8:32  Zergling x22  
  166  8:37  Hydralisk  
  166  8:38  Zergling x10  
  173  8:45  Drone x5  
  176  8:48  Grooved Spines  
  176  8:50  Hydralisk, Zergling x2  
  176  8:51  Zergling x8  
  176  8:54  Infestation Pit  
  182  8:56  Extractor, Spine Crawler  
  182  8:57  Zergling x12  
  186  9:03  Zergling x8  
  186  9:05  Baneling x10  
  186  9:06  Baneling  
  189  9:15  Zergling x20  
  199  9:17  Zerg Melee Weapons Level 2  
  199  9:33  Hatchery, Zergling x4  
  199  9:37  Zergling x8  
  200  9:39  Baneling x19  
  199  9:49  Baneling x7  
  199  9:50  Baneling  
  199  9:58  Zergling x16  
  197  10:03  Baneling x10  
  192  10:08  Zergling x20  
  192  10:12  Hive  
  189  10:26  Hydralisk  
  189  10:27  Zergling x46  
  176  10:34  Hydralisk  
  176  10:35  Zergling x10  
  161  10:36  Zergling x6  
  161  10:37  Baneling x6  
  161  10:38  Baneling x4  
  161  10:40  Zergling x2  
  161  10:41  Zergling x2  
  166  10:43  Zergling x10  
  166  10:44  Baneling x5  
  166  10:48  Zergling x8  
  166  10:50  Zergling x6  
  166  10:53  Baneling x10  
  166  10:55  Zergling x4  
  166  10:59  Drone x3  
  166  11:01  Zergling x2  
  166  11:02  Zergling x8  
  174  11:09  Zerg Missile Weapons Level 1  
  174  11:10  Lurker Den, Zergling x10  
  174  11:11  Drone x2  
  174  11:14  Drone  
  174  11:15  Drone x3  
  177  11:19  Zergling x12  
  177  11:25  Zergling x14  
  165  11:32  Zergling x2  
  165  11:33  Zergling x16  
  170  11:43  Zergling x16  
  166  11:47  Zergling x10  
  169  11:57  Zergling x12  
  169  12:01  Baneling  
  175  12:02  Hatchery  
  175  12:04  Zergling x10  
  175  12:07  Baneling x7  
  175  12:08  Baneling  
  170  12:10  Baneling  
  170  12:11  Baneling x9  
  159  12:17  Seismic Spines  
  159  12:18  Zergling x8  
  159  12:24  Zergling x14  
  159  12:25  Overlord  
  154  12:33  Zergling x14  
  161  12:40  Viper x2  
  161  12:43  Hydralisk, Zergling x4  
  161  12:44  Zergling x6  
  173  12:49  Lurker  
  173  12:51  Baneling x7  
  174  12:54  Zergling x10  
  174  12:56  Baneling x4  
  176  12:59  Zergling x8  
  176  13:03  Zergling x8  
  183  13:07  Zergling x2  
  183  13:08  Zergling x8  
  188  13:15  Zergling x10  
  181  13:22  Hydralisk  
  181  13:23  Zergling x10  
  152  13:28  Zergling x8  
  152  13:31  Zergling x4  

Tags
 
Add a new tag
Caveats
  • Supply blocks, unpowered buildings, or Contaminate may cause inaccurate times.
  • Supply counts are checked every 10 seconds.